AoeStats
← DjellyDjonko

Arabia

506082403Analyzed
2v2 RM · 18d ago on Sep 12, 2026· 90m 25s· 4 players
Game mode
Random Map
Map size
Medium (4 player)
Population
200
Speed
Normal
Resources
Standard
Victory
Conquest
Starting age
Dark Age
Ending age
Imperial Age
RankedLock teamsTeams togetherTeam positionsShared explorationLock speedFull tech treeHidden civsTurbo modeCheats
Victory
Defeat
🇩🇪 Mongols · Germany
1116
+15
🇧🇪 Burmese · Belgium
1101
+16
🇲🇽 Huns · Mexico
1133
-17
🇩🇪 Britons · Germany
1064
-14
DjellyDjonko
3:43 Loom
13:28 Feudal Age
13:49 Horse Collar
16:14 Wheelbarrow
21:20 Castle Age
21:42 Bloodlines
21:57 Forging
22:35 Heavy Plow
26:02 Gold Mining
25:37 Pikeman
26:25 Scale Barding Armor
26:28 Husbandry
27:28 Stone Mining
27:45 Scale Mail Armor
29:06 Squires
29:50 Iron Casting
30:34 Hand Cart
35:46 Imperial Age
34:07 Chain Barding Armor
36:15 Halberdier
37:33 Plate Barding Armor
36:25 Elite Battle Elephant
39:33 Blast Furnace
42:00 Conscription
44:27 Chain Mail Armor
46:28 Plate Mail Armor
55:44 Chemistry
55:17 Plate Mail Armor
69:34 Light Cavalry
72:23 Hussar
75:15 Howdah
82:14 Arson
82:25 Fletching
83:20 Crop Rotation
DasEd86
6:38 Loom
8:45 Feudal Age
9:49 Double-Bit Axe
10:40 Horse Collar
16:39 Wheelbarrow
19:11 Castle Age
18:16 Fletching
19:11 Bloodlines
18:56 Gold Mining
20:06 Bodkin Arrow
21:03 Gold Shaft Mining
20:41 Husbandry
22:53 Padded Archer Armor
24:56 Light Cavalry
25:42 Scale Barding Armor
26:27 Forging
29:36 Chain Barding Armor
33:15 Thumb Ring
36:38 Imperial Age
34:46 Ballistics
35:39 Iron Casting
35:20 Leather Archer Armor
37:42 Bracer
40:13 Hussar
51:25 Heavy Plow
53:25 Heavy Cavalry Archer
54:58 Parthian Tactics
57:34 Chemistry
69:02 Siege Engineers
79:34 Caravan
82:27 Blast Furnace
81:56 Conscription
Lokomothilo
9:49 Feudal Age
8:04 Loom
10:31 Double-Bit Axe
10:28 Horse Collar
20:15 Castle Age
19:07 Forging
19:12 Stone Mining
19:11 Town Watch
20:46 Fletching
21:25 Bow Saw
21:27 Padded Archer Armor
24:15 Scale Mail Armor
25:29 Wheelbarrow
27:00 Heavy Plow
28:59 Squires
31:23 Hand Cart
31:31 Town Patrol
35:26 Imperial Age
33:26 Pikeman
35:41 Yeomen
35:28 Gold Mining
36:43 Conscription
38:03 Ballistics
37:40 Murder Holes
37:56 Masonry
37:10 Elite Longbowman
38:48 Husbandry
38:59 Light Cavalry
42:10 Scale Barding Armor
42:40 Iron Casting
42:02 Bodkin Arrow
42:23 Leather Archer Armor
45:01 Two-Man Saw
46:37 Gold Shaft Mining
47:45 Bracer
48:05 Chain Barding Armor
48:46 Blast Furnace
48:17 Ring Archer Armor
48:04 Chain Mail Armor
48:52 Chemistry
48:25 Architecture
47:45 Heated Shot
47:36 Treadmill Crane
48:08 Fortified Wall
48:16 Halberdier
51:12 Hoardings
54:59 Plate Barding Armor
54:55 Plate Mail Armor
54:50 Warwolf
58:35 Arson
58:25 Heavy Scorpion
59:42 Capped Ram
62:28 Cavalier
64:38 Siege Engineers
66:30 Caravan
73:48 Elite Skirmisher
Mr.Rol3ot
8:44 Loom
10:52 Feudal Age
11:57 Double-Bit Axe
14:21 Horse Collar
17:00 Wheelbarrow
17:22 Gold Mining
22:15 Castle Age
21:19 Fletching
21:30 Padded Archer Armor
23:26 Leather Archer Armor
22:49 Elite Skirmisher
24:17 Scale Mail Armor
26:09 Bow Saw
28:50 Bodkin Arrow
30:27 Heavy Plow
34:24 Gold Shaft Mining
35:04 Hand Cart
36:33 Ballistics
36:15 Husbandry
36:26 Bloodlines
43:29 Stone Mining
43:27 Pikeman
46:44 Forging
47:02 Chain Mail Armor
53:55 Imperial Age
55:12 Iron Casting
54:40 Squires
54:04 Halberdier
54:55 Bracer
57:57 Blast Furnace
59:19 Two-Man Saw
59:21 Conscription
63:48 Masonry
64:39 Chemistry
65:02 Thumb Ring
65:07 Scale Barding Armor
66:33 Chain Barding Armor
67:54 Cavalier
69:12 Plate Barding Armor
70:06 Paladin
75:00 Light Cavalry
77:23 Hussar
87:56 Caravan
Connection lost

Rejoining the realm…

Still unreachable

The connection could not be restored.

Session expired

The server has moved on; the page needs a fresh start.